 Dungeon Crawl Stone Soup version 0.23.2-1-ga50397a (webtiles) character file.

Game seed: 2382352977203219062

48 MalarOregon the Grave Robber (level 3, -1/26 HPs)
             Began as a Ghoul Necromancer on May 26, 2019.
             Slain by a worm (10 damage)
             ... on level 2 of the Dungeon.
             The game lasted 00:03:51 (1890 turns).

MalarOregon the Grave Robber (Ghoul Necromancer)    Turns: 1890, Time: 00:03:51

Health: -1/26      AC:  2    Str: 19    XL:     3   Next: 72%
Magic:  0/5        EV: 12    Int: 11    God:
Gold:   78         SH:  0    Dex:  9    Spells: 2/6 levels left

rFire    . . .     SeeInvis .   c - +0 dagger
rCold    + . .     Gourm    .   (no shield)
rNeg     + + +     Faith    .   a - +0 robe
rPois    ∞         Spirit   .   (no helmet)
rElec    .         Reflect  .   (no cloak)
rCorr    .         Harm     .   (no gloves)
MR       .....                  (no boots)
Stlth    ++........             (no amulet)
HPRegen  0.00/turn              i - +4 ring of strength
MPRegen  0.09/turn              o - +4 ring of strength

@: rotting
A: rotting body, claws 1, carnivore, cold resistance 1, negative energy
resistance 3, inhibited regeneration, torment resistance, unbreathing
a: no special abilities


You were on level 2 of the Dungeon.
You were hungry.

You visited 1 branch of the dungeon, and saw 2 of its levels.

You collected 78 gold pieces.

Inventory:

Hand Weapons
 c - a +0 dagger (weapon)
   (You took it off a goblin on level 1 of the Dungeon)
Missiles
 b - 55 stones (quivered)
Armour
 a - a +0 robe (worn)
Jewellery
 i - a +4 ring of strength (left claw)
   (You found it on level 1 of the Dungeon)
 o - a +4 ring of strength (right claw)
   (You found it on level 2 of the Dungeon)
Wands
 t - a wand of flame (14)
   (You found it on level 2 of the Dungeon)
Scrolls
 d - a scroll of blinking {unknown}
 f - a scroll of random uselessness {unknown}
 g - 2 scrolls of remove curse {unknown}
 h - a scroll of immolation {unknown}
 j - 2 scrolls of teleportation {unknown}
 l - a scroll of fog {unknown}
 m - a scroll of enchant weapon {unknown}
 p - 2 scrolls of identify {unknown}
Potions
 k - a potion of berserk rage {unknown}
Comestibles
 e - 4 rations {!d}
 n - 6 chunks of flesh


   Skills:
 - Level 2.0 Dodging
 + Level 3.1 Stealth
 + Level 2.3 Spellcasting
 + Level 4.4 Necromancy


You had 2 spell levels left.
You knew the following spells:

 Your Spells              Type           Power        Failure   Level  Hunger
a - Pain                  Necr           ##..         4%          1    ##.....
q - Vampiric Draining     Necr           ##........   14%         3    ####...

Your spell library contained the following spells:

 Spells                   Type           Power        Failure   Level  Hunger
 Animate Skeleton         Necr           N/A          4%          1    ##.....
 Regeneration             Chrm/Necr      #.........   34%         3    ####...
 Animate Dead             Necr           N/A          41%         4    #####..


Dungeon Overview and Level Annotations

Branches:
Dungeon (2/15)

Altars:


Innate Abilities, Weirdness & Mutations

Your body is rotting away.
You thrive on raw meat.
You are immune to poison.
You have sharp fingernails.
You are carnivorous and can eat meat at any time.
Your flesh is cold resistant. (rC+)
You are immune to negative energy. (rN+++)
You do not regenerate when monsters are visible.
You are immune to unholy pain and torment.
You can survive without breathing.


Message History

You open the door.
An adder comes into view.
The adder hisses angrily.
There is an open door here.
Aim: an adder (chance to defeat MR: 71%)
The adder writhes in agony.
Aim: an adder (heavily wounded, chance to defeat MR: 71%)
The adder writhes in agony.
Aim: an adder (almost dead, chance to defeat MR: 71%)
The adder struggles to resist.
An adder is nearby!
You closely miss the adder. The adder bites you. The adder closely misses you.
You miss the adder. The adder misses you.
You closely miss the adder. The adder bites you.
You hit the adder.
You kill the adder!
Found a stone staircase leading down.
You see here an adder corpse.
You butcher the adder corpse.
n - 6 chunks of flesh (gained 2)
You see here an adder skeleton. x2
Found 8 gold pieces.
Found a scroll labeled DAIVAC QUBRIF.
You now have 78 gold pieces (gained 8).
Found 19 sling bullets.
p - 2 scrolls labeled DAIVAC QUBRIF (gained 1)
The worm is too close now for your liking.
A worm is nearby!
You are feeling hungry.
You can't see any susceptible monsters within range! (Use Z to cast anyway.) Unknown command.
You can't see any susceptible monsters within range! (Use Z to cast anyway.)
Aim: a worm (chance to defeat MR: 73%)
The worm writhes in agony.
Aim: a worm (lightly wounded, chance to defeat MR: 73%)
The worm writhes in agony.
Aim: a worm (lightly wounded, chance to defeat MR: 73%)
The worm writhes in agony.
Aim: a worm (moderately wounded, chance to defeat MR: 73%)
The worm writhes in agony.
Aim: a worm (heavily wounded, chance to defeat MR: 73%)
The worm struggles to resist.
You hit the worm. The worm bites you!
* * * LOW HITPOINT WARNING * * *
You hit the worm. You hit the worm. The worm bites you.
* * * LOW HITPOINT WARNING * * *
You hit the worm but do no damage. You hit the worm. The worm bites you!
You die...

#<................
######.....###.........
#<...#.......'.........
####.##..#####.........
#.##..#.............
#.##..#)###.########
#.##..#.##.........
###.###.#.##..###########
#......>.....w@.........##
#.#.##..####..#########..#
#.#....................#.#
#.#.#..........#######.#.##
#.#............# #.#..#
##.##.....####..#######.##.##
#.......#.#.w...#.......##..###
#####.#.#.#.###.#.########....#
#...#.#.# #.#w...# #....#


You could see a worm.

Vanquished Creatures
  An adder (D:2)
  An ooze (D:2)
  A dart slug (D:1)
  3 ball pythons
  6 bats
  A giant cockroach (D:1)
  6 goblins
  4 hobgoblins
  5 frilled lizards
  2 kobolds (D:1)
  2 rats (D:2)
32 creatures vanquished.

Notes
Turn   | Place    | Note
-------+----------+-------------------------------------------
     0 | D:1      | MalarOregon the Ghoul Necromancer began the quest for the
                  | Orb.
     0 | D:1      | Reached XP level 1. HP: 14/14 MP: 2/2
   210 | D:1      | Reached XP level 2. HP: 17/20 MP: 0/3
  1114 | D:2      | Reached XP level 3. HP: 26/26 MP: 0/5
  1733 | D:2      | Learned a level 3 spell: Vampiric Draining
  1890 | D:2      | Slain by a worm

Skill      XL: |  1  2  3 |
---------------+----------+-----
Dodging        | 2 |  2.0
Spellcasting   | 2 |  2.3
Stealth        | 3 |  3.1
Necromancy     | |  4.4

Action                   || total
-------------------------++-------
Melee: Dagger            ||    77
       Unarmed           ||     2
 Cast: Pain              ||    58
 Stab: Sleeping          ||     2
  Eat: Chunk             ||     4
Armor: Robe              ||    19
Dodge: Dodged            ||    63
